 Dungeon Crawl Stone Soup version 0.20.0-15-g7f486f2 (webtiles) character file.

38 KleinerIrrer the Chucker (level 3, -2/37 HPs)
             Began as an Ogre Hunter on July 1, 2017.
             Slain by a hobgoblin (3 damage)
             ... led by Robin
             ... on level 1 of the Dungeon.
             The game lasted 00:04:20 (1163 turns).

KleinerIrrer the Chucker (Ogre Hunter)              Turns: 1163, Time: 00:04:21

Health: -2/37      AC:  3    Str: 16    XL:     3   Next: 43%
Magic:  3/3        EV:  6    Int: 12    God:
Gold:   68         SH:  6    Dex: 10    Spells: 2/2 levels left

rFire    . . .     SeeInvis .   a - +0 short sword
rCold    . . .     Gourm    .   e - +0 shield
rNeg     . . .     Faith    .   b - +0 robe
rPois    .         Spirit   .   (helmet restricted)
rElec    .         Reflect  .   (no cloak)
rCorr    .         Harm     .   (gloves unavailable)
MR       .....                  (boots unavailable)
Stlth    +.........             (no amulet)
Regen    0.2/turn               (no ring)
MPRegen  0.1/turn               (no ring)

@: heavily drained
A: unfitting armour, tough skin 1
a: no special abilities


You were on level 1 of the Dungeon.
You were not hungry.

You visited 1 branch of the dungeon, and saw 2 of its levels.

You collected 68 gold pieces.

Inventory:

Hand Weapons
 a - a +0 short sword (weapon)
 q - a +2 dagger of draining
Missiles
 c - 4 large rocks (quivered)
 d - a throwing net
Armour
 b - a +0 robe (worn)
 e - a +0 shield (worn)
Scrolls
 g - 2 scrolls of remove curse {unknown}
 i - a scroll of identify {unknown}
 m - a scroll of immolation {unknown}
 p - a scroll of teleportation {unknown}
Potions
 h - a potion of agility {unknown}
 k - a potion of haste {unknown}
 l - a potion of flight {unknown}
 n - a potion of might {unknown}
 o - a potion of curing {unknown}
Comestibles
 f - a bread ration
 j - 4 chunks of flesh


   Skills:
 * Level 3.4(1.3) Fighting
 - Level 4.7(2.5) Throwing
 - Level 1.9(0.0) Dodging
 - Level 0.6(0.0) Stealth
 - Level 0.1(0.0) Shields


You had 2 spell levels left.
You didn't know any spells.

Dungeon Overview and Level Annotations

Branches:
Dungeon (2/15)

Altars:

Annotations:
D:2 Robin


Innate Abilities, Weirdness & Mutations

You are too large for most types of armour.
You have tough skin. (AC +1)


Message History

You hit the goblin.
The goblin is severely wounded.
The hobgoblin hits you.
* * * LOW HITPOINT WARNING * * *
The goblin hits you but does no damage.
You feel drained.
You barely miss the goblin.
The goblin is severely wounded.
The hobgoblin hits you but does no damage.
The goblin hits you but does no damage.
You feel drained.
You hit the goblin.
You kill the goblin!
The hobgoblin hits you but does no damage.
The hobgoblin hits you.
* * * LOW HITPOINT WARNING * * *
Things that are here:
a dagger of draining; a club There isn't anything to butcher here.
q - a dagger of draining The hobgoblin hits you.
You die...

#.#####...#.........#####
#.# ###...............#
##.# ####.####...###.#
#..# #.###........# #.##
#.##......#..# #.#
#.##......#..# #.#
#####.##(........# #.#
#.......(.......>## #.#
#)@...##..###...... #.##
#>g..............(. #..#
#.)...#######...... ##.#
#.....# ##.#### #.#
######### #..# #.#
##......# #.## #.#
##..####.# #.# #.#
##.#.#....#####.# #.#
#.###..รท........#


You could see a hobgoblin.

Vanquished Creatures
  An ooze (D:1)
  A worm (D:1)
  A dart slug (D:1)
  2 leopard geckos (D:1)
  2 bats (D:1)
  5 goblins
  4 hobgoblins (D:1)
  2 jackals (D:1)
  3 kobolds
  3 frilled lizards (D:1)
  2 rats (D:1)
26 creatures vanquished.

Notes
Turn   | Place    | Note
-------+----------+-------------------------------------------
     0 | D:1      | KleinerIrrer the Ogre Hunter began the quest for the Orb.
     0 | D:1      | Reached XP level 1. HP: 22/22 MP: 1/1
   126 | D:1      | Reached XP level 2. HP: 29/29 MP: 2/2
   394 | D:1      | Reached XP level 3. HP: 32/36 MP: 3/3
   701 | D:2      | Noticed Robin
  1161 | D:1      | HP: 1/37 [hobgoblin[Robin] (1)]
  1163 | D:1      | Slain by a hobgoblin

Skill      XL: |  1  2  3 |
---------------+----------+-----
Fighting       | 3 |  3.4
Throwing       | |  4.7
Dodging        | |  1.9
Stealth        | |  0.6
Shields        | |  0.1

Action                   || total
-------------------------++-------
Melee: Short sword       ||    75
Throw: Large rock        ||    15
       Throwing net      ||     2
 Stab: Sleeping          ||     1
  Eat: Chunk             ||     1
Armor: Robe              ||    26
Dodge: Dodged            ||    29
Block: Shield            ||    38
